 Dungeon Crawl Stone Soup version 0.31-a0-149-g3fdcc5976a (webtiles) character file.

Game seed: 13441929532662355696

28 qw the Shooter (level 3, 0/31 HPs)
             Began as a Minotaur Hunter on June 7, 2023.
             Slain by a cerulean imp
             ... wielding a +0 spear
             ... summoned by Natasha
              (5 damage)
             ... on level 2 of the Dungeon.
             The game lasted 00:00:18 (1267 turns).

qw the Shooter (Minotaur Hunter)                    Turns: 1267, Time: 00:00:18

Health: 0/31       AC:  3    Str: 15    XL:     3   Next: 0%
Magic:  2/2        EV: 12    Int:  6    God:
Gold:   4          SH:  0    Dex: 15    Spells: 2/2 levels left

rFire   . . .        Y - +0 shortbow
rCold   + . .        (shield currently unavailable)
rNeg    . . .        c - +0 leather armour
rPois   .            (helmet restricted)
rElec   .            (no cloak)
rCorr   .            (no gloves)
SInv    .            (no boots)
Will    .....        (no amulet)
Stlth   +            l - ring of protection from cold
HPRegen 0.25/turn    (no ring)
MPRegen 0.08/turn

%: no passive effects
@: slowed, very slow
A: horns 2, retaliatory headbutt
a: no special abilities


You were on level 2 of the Dungeon.
You visited 1 branch of the dungeon, and saw 2 of its levels.

You collected 52 gold pieces.
You spent 48 gold pieces at shops.


Innate Abilities, Weirdness & Mutations

You have a pair of horns on your head.
You reflexively headbutt those who attack you in melee.


   Skills:
 - Level 3.0 Fighting
 + Level 5.2 Ranged Weapons
 - Level 2.1 Dodging
 - Level 0.7 Stealth


You had 2 spell levels left.
You didn't know any spells.
Your spell library was empty.

Inventory:

Hand Weapons
 Y - a +0 shortbow (weapon)
Armour
 c - a +0 leather armour (worn)
Jewellery
 l - a ring of protection from cold (left hand)
Scrolls
 g - a scroll of identify
Potions
 a - a potion of lignification {unknown}
 e - a potion of resistance
 i - a potion of cancellation
 j - a potion of curing {unknown}

Dungeon Overview and Level Annotations

Branches:
Dungeon (2/15)

Altars:

Shops:
D:1 (?=*

Annotations:
D:2 Natasha


Message History

You shoot an arrow. The arrow closely misses the jackal.
Natasha, Servant of Life and Death comes into view.
The jackal closely misses you.
You shoot an arrow. The arrow hits the jackal!
You kill the jackal!
You have reached level 3!
Your experience leads to an increase in your attributes!
Increase (S)trength, (I)ntelligence, or (D)exterity?
You feel agile. x2
You shoot an arrow. The arrow closely misses Natasha.
Natasha stares at you and mumbles some strange words.
You feel yourself slow down.
You shoot an arrow. The arrow barely misses Natasha.
You shoot an arrow. The arrow hits Natasha.
Natasha is lightly wounded.
Natasha hisses.
Natasha stares at you and mumbles some strange words.
The magic dart hits you.
You shoot an arrow.
The arrow hits Natasha but does no damage.
Natasha is lightly wounded.
Natasha howls an incantation.
You feel disoriented.
Natasha casts a spell.
You shoot an arrow.
The arrow hits Natasha but does no damage.
Natasha is lightly wounded.
Natasha claws you but does no damage.
The cerulean imp hits you from afar with a +0 spear.
Natasha closely misses you.
You shoot an arrow. The arrow closely misses Natasha.
The cerulean imp hits you from afar with a +0 spear.
Natasha growls.
Natasha claws you!
The cerulean imp hits you from afar with a +0 spear.
Natasha claws you!
You shoot an arrow. The arrow barely misses Natasha.
The cerulean imp barely misses you. Natasha claws you.
The cerulean imp hits you from afar with a +0 spear.
You die...

..............# #.
.........####.####
#.
#######...........
###..
#......)........
...%
#.###.#######...
#... #.# #.#
#..... #...###.#
#.# #.##..
###.<5..#.# #.#
#.##.. ......h@..#
#.# #.###.
..>...#.### #.#
#.##.. ##### #.#
<# #.##.# #.#
#.##. #.# #.#..
#.# #.... ... ...
#..


You could see Natasha and a cerulean imp (summoned).

Vanquished Creatures
  A gnoll (D:1)
  A bat (D:2)
  2 endoplasms (D:2)
  2 giant cockroaches (D:1)
  2 hobgoblins (D:2)
  5 jackals
  A frilled lizard (D:1)
  A kobold (D:2)
  A rat (D:1)
16 creatures vanquished.

Notes
Turn   | Place    | Note
-------+----------+-------------------------------------------
     0 | D:1      | qw the Minotaur Hunter began the quest for the Orb.
     0 | D:1      | Reached XP level 1. HP: 18/18 MP: 0/0
     0 | D:1      | 0 ||| qw: Version: 0.2-a-117-gc6b5c8b
     0 | D:1      | 0 ||| qw: Game counter: 2563
     0 | D:1      | 0 ||| qw: Always use a shield: true
     0 | D:1      | 0 ||| qw: God list: Okawaru
     0 | D:1      | 0 ||| qw: Allow faded altars: false
     0 | D:1      | 0 ||| qw: Do Orc after D:15 true
     0 | D:1      | 0 ||| qw: Do second Lair branch before Depths: true
     0 | D:1      | 0 ||| qw: Lair rune preference: random
     0 | D:1      | 0 ||| qw: Plans: Normal
     0 | D:1      | 0 ||| PLANNING D:1-11
   105 | D:1      | Found Kutaont's Weapon Shop.
   372 | D:1      | Reached skill level 5 in Ranged Weapons
   372 | D:1      | Reached XP level 2. HP: 25/25 MP: 1/1
   401 | D:1      | Found Azxybic's General Store.
   409 | D:1      | 409 ||| SHOPLISTING potion of curing (39 gold, have 28).
   610 | D:1      | Found Icwy's Jewellery Shop.
   613 | D:1      | 613 ||| SHOPLISTING +6 ring of strength (396 gold, have
                  | 49).
   613 | D:1      | 613 ||| SHOPLISTING ring "Yrecwugiuv" {Will+ rCorr Str+6}
                  | (497 gold, have 49).
   613 | D:1      | 613 ||| SHOPLISTING ring of fire (275 gold, have 49).
   613 | D:1      | 613 ||| SHOPLISTING ring of ice (275 gold, have 49).
   613 | D:1      | 613 ||| SHOPLISTING ring of poison resistance (220 gold,
                  | have 49).
   613 | D:1      | 613 ||| SHOPLISTING ring of positive energy (220 gold, have
                  | 49).
   613 | D:1      | 613 ||| SHOPLISTING ring of protection from fire (275 gold,
                  | have 49).
   613 | D:1      | 613 ||| SHOPLISTING ring of resist corrosion (220 gold,
                  | have 49).
   958 | D:1      | Found Ruashrip's Magic Scroll Emporium.
   961 | D:1      | 961 ||| SHOPLISTING scroll of acquirement (624 gold, have
                  | 52).
   961 | D:1      | 961 ||| SHOPLISTING scroll of enchant armour (90 gold, have
                  | 52).
   961 | D:1      | 961 ||| BUYING scroll of identify (24 gold).
   961 | D:1      | Bought a scroll of identify for 24 gold pieces
   961 | D:1      | 961 ||| BUYING scroll of identify (24 gold).
   961 | D:1      | Bought a scroll of identify for 24 gold pieces
   961 | D:1      | 961 ||| SHOPLISTING scroll of identify (24 gold, have 4).
   961 | D:1      | 961 ||| SHOPLISTING scroll of teleportation (36 gold, have
                  | 4).
  1013 | D:1      | 1013 ||| UPGRADING to ring of protection from cold.
  1014 | D:1      | 1014 ||| READING scroll labelled ROHEBYSTOTZ.
  1059 | D:1      | 1059 ||| READING scroll labelled SUKKE UGEI.
  1060 | D:1      | 1060 ||| READING scroll labelled FEVVAO NOIZE.
  1064 | D:1      | 1064 ||| READING scroll labelled BIT ZIUCHALLYUZ.
  1065 | D:1      | 1065 ||| READING 3 scrolls of identify.
  1065 | D:1      | 1065 ||| IDENTIFYING viscous ruby potion
  1066 | D:1      | 1066 ||| READING 2 scrolls of identify.
  1066 | D:1      | 1066 ||| IDENTIFYING fuming pink potion
  1067 | D:1      | 1067 ||| DROPPING scroll of butterflies.
  1202 | D:2      | Reached skill level 3 in Fighting
  1259 | D:2      | Noticed Natasha
  1261 | D:2      | Reached XP level 3. HP: 31/31 MP: 2/2
  1267 | D:2      | HP: 5/31 [Natasha (6)]
  1267 | D:2      | Slain by a cerulean imp

Levels and vault maps discovered:
D:1:      dpeg_arrival_houses_and_road, layout_basic, serial_shops,
          nicolae_shop_rolled_up, nicolae_shop_behind_doors,
          nicolae_shop_hallway_stairs, nicolae_shop_trees,
          chequers_serial_rivers_micro_e
D:2:      layout_loops_ring, basic_altar, uniq_natasha

Skill      XL: |  1  2 |
---------------+-------+-----
Ranged Weapons | 5 |  5.2
Fighting       | 3 |  3.0
Dodging        | |  2.1
Stealth        | |  0.7

Action                     || total
---------------------------++-------
   Fire: Shortbow          ||    57
    Use: Scroll            ||     6
 Armour: Leather armour    ||    12
  Dodge: Dodged            ||    20

Table legend:
 A = Non-vault XP
 B = Vault XP
 C = Vault XP percentage of total XP
 D = Non-vault monster count
 E = Vault monster count
 F = Vault count percentage of total count
                 A         B        C        D         E       F
            +---------+---------+-------+---------+---------+-------
      Total |      41 |       0 |   0.0 |      16 |       0 |   0.0
            +---------+---------+-------+---------+---------+-------
        D:1 |      26 |       0 |   0.0 |       8 |       0 |   0.0
        D:2 |      15 |       0 |   0.0 |       8 |       0 |   0.0
            +---------+---------+-------+---------+---------+-------
